 Dungeon Crawl Stone Soup version 0.18-a0-1782-gb76a692 (webtiles) character file.

4154 Duffy the Geomancer (level 10, -10/77 HPs)
             Began as a Formicid Earth Elementalist on Apr 17, 2016.
             Mangled by a hill giant
             ... wielding a +0 giant club
              (21 damage)
             ... on level 7 of the Dungeon.
             The game lasted 00:17:29 (12441 turns).

Duffy the Geomancer (Formicid Earth Elementalist)  Turns: 12441, Time: 00:17:29

Health: -10/77     AC:  5    Str: 14    XL:     10   Next: 52%
Magic:  12/21      EV: 14    Int: 14    God:
Gold:   342        SH:  0    Dex: 14    Spells: 4 memorised, 13 levels left

rFire  . . .     SeeInvis +     a - staff of earth
rCold  . . .     Gourm    .     R - +0 leather armour {rPois}
rNeg   + . .     Faith    .     (no shield)
rPois  +         Spirit   .     (helmet unavailable)
rElec  .         Dismiss  .     P - +0 cloak
rCorr  .         Reflect  .     (no gloves)
SustAt .         Harm     .     N - +0 pair of boots
MR     +....                    (no amulet)
Stlth  ++........               (no ring)
                                n - ring of positive energy

@: somewhat resistant to hostile enchantments, unstealthy
A: permanent stasis, dig shafts and tunnels, four strong arms, antennae 3
a: Dig, Shaft Self


You were on level 7 of the Dungeon.
You were not hungry.

You visited 2 branches of the dungeon, and saw 8 of its levels.

You collected 342 gold pieces.


Innate Abilities, Weirdness & Mutations

You are under a permanent stasis effect.
You can dig through walls and to a lower floor.
Your four strong arms can wield two-handed weapons with a shield.
You have a pair of large antennae on your head (SInv).


   Skills:
 - Level 6.5 Fighting
 - Level 5.0 Dodging
 - Level 2.4 Stealth
 + Level 7.5 Spellcasting
 - Level 5.5 Conjurations
 - Level 1.2 Transmutations
 + Level 9.9 Earth Magic


You had 13 spell levels left.
You knew the following spells:

 Your Spells              Type           Power        Failure   Level  Hunger
a - Sandblast             Erth           #####.       1%          1    None
c - Stone Arrow           Conj/Erth      #####.       1%          3    ##.....
l - Lee's Rapid Deconstr  Erth           #####.....   10%         5    #####..
P - Passwall              Trmt/Erth      ####......   3%          2    None

Inventory:

Hand Weapons
 z - a +0 whip of electrocution
 B - a +0 blowgun
Missiles
 b - 52 stones
 i - 5 steel javelins (quivered)
 j - a throwing net
 A - 5 tomahawks
 F - 35 poisoned needles
Armour
 N - a +0 pair of boots (worn)
 P - a +0 cloak (worn)
 R - a +0 leather armour of poison resistance (worn)
 T - a +1 robe of fire resistance
Magical Staves
 a - an uncursed staff of earth (weapon)
 G - an uncursed staff of wizardry
Jewellery
 n - a ring of positive energy (left hand)
 C - an uncursed ring of fire
Wands
 e - a wand of acid (0/15)
 K - a wand of flame (32/48)
 L - a wand of acid (3/15)
 S - a wand of disintegration (8/24)
Scrolls
 g - 4 scrolls of remove curse
 h - 2 scrolls of fog
 p - a scroll of enchant weapon {unknown}
 q - 2 scrolls of noise {unknown}
 r - 2 scrolls of enchant armour {unknown}
 s - a scroll of amnesia {unknown}
 t - a scroll of immolation {unknown}
 y - a scroll of magic mapping {unknown}
 J - 2 scrolls of fear {unknown}
 Q - a scroll of random uselessness {unknown}
Potions
 l - 2 potions of curing
 u - a potion of magic {unknown}
 w - 2 potions of might
 D - a potion of mutation {unknown}
 E - 2 potions of brilliance {unknown}
 H - 4 potions of flight {unknown}
 M - a potion of heal wounds {unknown}
 O - 2 potions of agility {unknown}
Books
 c - a book of Geomancy
Comestibles
 d - 5 bread rations
 f - 9 meat rations
 k - 5 fruits
 m - 3 chunks of flesh
 o - a beef jerky
 I - 2 slices of pizza

Dungeon Overview and Level Annotations

Branches:
Dungeon (7/15)             Temple (1/1) D:5

Altars:
Ashenzari
Dithmenos
Elyvilon
Fedhas
Gozag
Kikubaaqudgha
Makhleb
Nemelex Xobeh
Okawaru
Pakellas
Qazlal
Ru
Sif Muna
Trog
Vehumet
Yredelemnul
Zin
The Shining One


Message History

You kill the crimson imp!
Cast which spell? (? or * to list)
You can't see any susceptible monsters within range! (Use Z to cast anyway.)
The hill giant shouts!
You climb upwards.
There is a stone staircase leading down here.
Your magical contamination has completely faded away.
Eating one of 4 chunks of flesh.
This raw flesh tastes terrible.
You continue eating. x2
Magic restored.
Done exploring.
You climb downwards.
The hill giant completely misses you.
There is a stone staircase leading up here.
Cast which spell? (? or * to list)
Aiming: Stone Arrow
Press: ? - help, Shift-Dir - straight line, f - hill giant
Aim: a hill giant, wielding a giant club You feel a surge of power!
The stone arrow hits the hill giant.
The hill giant is moderately wounded.
The hill giant hits you with a giant club!!!
Cast which spell? (? or * to list)
Aiming: Stone Arrow
Press: ? - help, Shift-Dir - straight line, f/p - hill giant
Aim: a hill giant, wielding a giant club (moderately wounded)
You feel a surge of power!
The stone arrow hits the hill giant.
The hill giant is heavily wounded.
The hill giant hits you with a giant club!!
Cast which spell? (? or * to list)
Aiming: Stone Arrow
Press: ? - help, Shift-Dir - straight line, f/p - hill giant
Aim: a hill giant, wielding a giant club (heavily wounded)
You feel a surge of power!
The stone arrow hits the hill giant.
The hill giant is severely wounded.
The hill giant hits you with a giant club!!
You die...

#....# #........# .....#
#.......#######.......##.. ....##
#...........##.>.......#.# ....#
#........................# ...##
##.................>....... ...#
#.......................... ..##
##......$...................
..####...........................
.##...........%.@................
...............C.>..........)....
((...............................
##.#.............................
#.#..............................
.##..............................
#.#..................###.........
###........#........## #########.
####......##......###


You could see a hill giant.

Action                   |  1- 3 |  4- 6 |  7- 9 | 10-12 || total
-------------------------+-------+-------+-------+-------++-------
Melee: Mace              |    30 |     9 |       |       ||    39
       Staff             |       |       |     9 |       ||     9
 Fire: Blowgun           |       |     4 |       |       ||     4
Throw: Javelin           |       |     4 |    10 |       ||    14
 Cast: Sandblast         |    69 |   164 |   124 |    31 ||   388
       Stone Arrow       |       |       |    66 |    39 ||   105
 Abil: Dig               |     1 |     5 |     5 |     5 ||    16
Evoke: Wand              |       |       |     4 |       ||     4
  Use: Scroll            |       |     7 |       |     1 ||     8
       Potion            |       |       |       |     2 ||     2
  Eat: Chunk             |     3 |    15 |    26 |     5 ||    49
       Royal jelly       |       |       |       |     1 ||     1
Armor: Robe              |    12 |    19 |    24 |     4 ||    59
       Skin              |       |       |       |    35 ||    35
       Leather armour    |       |       |       |     2 ||     2
Dodge: Dodged            |    54 |    63 |    89 |     8 ||   214

Notes
Turn   | Place    | Note
--------------------------------------------------------------
     0 | D:1      | Duffy the Formicid Earth Elementalist began the quest for the Orb.
     0 | D:1      | Reached XP level 1. HP: 13/13 MP: 3/3
   293 | D:1      | Reached XP level 2. HP: 19/19 MP: 0/5
   373 | D:1      | Reached skill level 4 in Earth Magic
   377 | D:1      | Learned a level 2 spell: Passwall
   816 | D:1      | Reached XP level 3. HP: 24/24 MP: 4/6
   823 | D:1      | Learned a level 3 spell: Stone Arrow
  1458 | D:1      | Reached skill level 5 in Earth Magic
  1834 | D:2      | Reached XP level 4. HP: 30/30 MP: 3/7
  2613 | D:2      | Reached skill level 6 in Earth Magic
  3136 | D:3      | Reached XP level 5. HP: 32/35 MP: 6/8
  3278 | D:3      | Found an opulent altar of Gozag.
  3344 | D:3      | Found a bloodstained altar of Trog.
  3345 | D:3      | Found a radiant altar of Vehumet.
  3473 | D:3      | Reached skill level 7 in Earth Magic
  3566 | D:3      | Found a sparkling altar of Nemelex Xobeh.
  3745 | D:3      | Reached XP level 6. HP: 32/41 MP: 1/9
  4332 | D:3      | Found a faded altar to an unknown god.
  4538 | D:4      | Noticed Natasha
  4543 | D:4      | Killed Natasha
  4783 | D:4      | Noticed Pikel
  4783 | D:4      | Noticed a slave
  4788 | D:4      | Reached skill level 8 in Earth Magic
  4795 | D:4      | Noticed a slave
  5281 | D:4      | Noticed Natasha
  5288 | D:4      | Killed Natasha
  5288 | D:4      | Reached skill level 2 in Dodging
  5365 | D:4      | Noticed Natasha
  5370 | D:4      | Killed Natasha
  5370 | D:4      | Reached skill level 1 in Fighting
  5441 | D:5      | Entered Level 5 of the Dungeon
  5446 | D:5      | Found a stormy altar of Qazlal.
  5475 | D:5      | Found a staircase to the Ecumenical Temple.
  5483 | Temple   | Entered the Ecumenical Temple
  5904 | D:5      | Reached XP level 7. HP: 37/48 MP: 3/10
  5990 | D:5      | Reached skill level 2 in Fighting
  6047 | D:5      | Found an iron altar of Okawaru.
  6656 | D:5      | Reached skill level 3 in Dodging
  7004 | D:5      | Found a basalt altar of Yredelemnul.
  7070 | D:5      | Reached skill level 3 in Fighting
  7458 | D:6      | Reached skill level 4 in Fighting
  7458 | D:6      | Reached skill level 4 in Dodging
  7458 | D:6      | Reached XP level 8. HP: 60/60 MP: 4/11
  7529 | D:6      | Noticed Edmund
  7604 | D:6      | Killed Edmund
  7821 | D:6      | Reached skill level 5 in Fighting
  8173 | D:6      | Reached skill level 5 in Dodging
  8354 | D:6      | Reached skill level 1 in Conjurations
  8729 | D:6      | Reached skill level 6 in Fighting
  8729 | D:6      | Reached skill level 2 in Conjurations
  8966 | D:6      | Reached XP level 9. HP: 71/71 MP: 5/12
  9094 | D:6      | Reached skill level 3 in Spellcasting
  9094 | D:6      | Reached skill level 3 in Conjurations
  9761 | D:6      | Reached skill level 4 in Spellcasting
  9763 | D:6      | Reached skill level 4 in Conjurations
 10119 | D:4      | Killed Pikel
 10119 | D:4      | Reached skill level 5 in Spellcasting
 10582 | D:4      | Found a shadowy altar of Dithmenos.
 10583 | D:4      | Found a glowing silver altar of Zin.
 10869 | D:7      | Reached skill level 5 in Conjurations
 11079 | D:7      | Reached XP level 10. HP: 77/77 MP: 5/18
 11170 | D:7      | Reached skill level 6 in Spellcasting
 11294 | D:7      | Learned a level 5 spell: Lee's Rapid Deconstruction
 11661 | D:7      | Reached skill level 9 in Earth Magic
 11672 | D:7      | Reached skill level 7 in Spellcasting
 11782 | D:7      | Found a burning altar of Makhleb.
 11786 | D:7      | Found an ancient bone altar of Kikubaaqudgha.
 11790 | D:7      | Found a white marble altar of Elyvilon.
 11989 | D:7      | Noticed a hill giant
 12441 | D:7      | Mangled by a hill giant

Vault maps used:
D:1:      mushboom_english_gardens
D:2:      roderic_lattice_a
D:3:      lemuel_crystal_altar, minitemple, ecumenical_altar_1
D:4:      gammafunk_temple_overflow_pools, first_bread, uniq_pikel, uniq_natasha
D:5:      lemuel_coloured_pillars_altar, yredelemnul_forgotten_temple_becter,
          grunt_qazlal_clouds, temple_statues
D:6:      uniq_edmund
D:7:      hangedman_cross_stitches, minmay_overflow_temple_star_quad
Temple:   hc_temple_tempest_star

Vanquished Creatures
  Pikel
  2 hippogriffs Edmund
  A sky beast
  2 ice beasts
  A slave
  2 necrophages
  6 ogres
  3 centaurs
  4 giant frogs
  2 scorpions
  11 killer bees
  3 howler monkeys
  5 crimson imps
  A giant frog zombie
  4 hounds
  A jelly
  6 orc priests
  Natasha (thrice)
  3 iguanas
  5 orc wizards
  A worker ant
  A hound skeleton
  A worker ant zombie
  3 gnolls
  5 adders
  A shadow imp
  3 oozes
  An adder skeleton
  6 worms
  2 dart slugs
  3 giant geckos
  32 orcs
  8 giant cockroaches
  10 hobgoblins
  16 jackals
  4 quokkas
  4 ball pythons
  7 bats
  6 giant newts
  16 goblins
  9 kobolds
  A quokka zombie
  11 rats
  A spectral orc
219 creatures vanquished.
